 Dungeon Crawl Stone Soup version 0.29-a0-700-g2f1814c7b2 (webtiles) character file.

Game seed: 16951584278087915851

9658 porpoise the Spear-Bearer (level 11, -3/89 HPs)
             Began as a Formicid Abyssal Knight on June 26, 2022.
             Was a High Priest of Lugonu.
             Slain by an orc knight
             ... wielding a +0 glaive
              (23 damage)
             ... in a bailey.
             The game lasted 00:36:37 (11335 turns).

porpoise the Spear-Bearer (FoAK)                   Turns: 11335, Time: 00:36:39

Health: -3/89      AC: 18    Str: 21    XL:     11   Next: 78%
Magic:  0/16       EV:  9    Int: 14    God:    Lugonu [*****.]
Gold:   493        SH: 12    Dex: 17    Spells: 10/10 levels left

rFire   + . .      SeeInvis +   a - +3 trident (distort)
rCold   + . .      Faith    .   P - +1 kite shield
rNeg    . . .      Spirit   +   J - +1 scale mail {Will+}
rPois   +          Reflect  .   (helmet unavailable)
rElec   +          Harm     .   g - +1 cloak "Etoix" {Regen+ Int+3 Dex+3}
rCorr   +          Rampage  .   S - +1 pair of gloves {Stlth+}
Will    +++..                   Z - +0 pair of boots
Stlth   +.........              r - amulet of guardian spirit
HPRegen 1.04/turn               s - +4 ring of protection
MPRegen 0.15/turn               G - ring of willpower

@: resistant, studying Conjurations
A: permanent stasis, dig shafts and tunnels, antennae 3, four strong arms
a: Dig, Renounce Religion, Depart the Abyss, Bend Space, Banish, Corrupt, Enter
the Abyss


You were in a bailey.
You worshipped Lugonu.
Lugonu was extremely pleased with you.
You visited 1 branch of the dungeon, and saw 10 of its levels.
You visited the Abyss 2 times.
You also visited: Bailey.

You collected 768 gold pieces.
You spent 275 gold pieces at shops.

Inventory:

Hand Weapons
 a - a +3 trident of distortion (weapon)
 b - a +2 shortbow of freezing
Missiles
 c - 8 javelins
 j - 6 boomerangs
 k - 5 throwing nets
 K - 4 curare-tipped darts
Armour
 g - the +1 cloak "Etoix" (worn) {Regen+ Int+3 Dex+3}
   (You acquired it on level 9 of the Dungeon)

   Int:       It affects your intelligence (+3).
   Dex:       It affects your dexterity (+3).
   Regen:     It increases your rate of health regeneration.
 J - a +1 scale mail of willpower (worn)
 P - a +1 kite shield (worn)
 S - a +1 pair of gloves of stealth (worn)
 Z - a +0 pair of boots (worn)
Jewellery
 e - the amulet "Enkut" {Faith -Cast rElec rN+}
   (You found it in a bailey)

   [amulet of faith]

   It allows you to gain divine favour quickly.
   rElec:     It insulates you from electricity.
   rN:        It protects you from negative energy.
   -Cast:     It prevents spellcasting.
 l - a ring of protection from fire
 r - an amulet of guardian spirit (around neck)
 s - a +4 ring of protection (left hand)
 w - the ring of Cheibriados's Outrage {Fire Stlth+}
   (You found it on level 9 of the Dungeon)

   [ring of fire]

   It enhances your fire magic.
   rF:        It protects you from fire.
   rC:        It makes you vulnerable to cold.
   Stlth:     It makes you more stealthy.
 x - a +6 ring of strength
 z - an amulet of magic regeneration
 F - a ring of flight
 G - a ring of willpower (right hand)
 U - a ring of positive energy
Wands
 E - a wand of acid (11)
 I - a wand of charming (16)
 R - a wand of mindburst (12)
 T - a wand of flame (40)
Scrolls
 f - 3 scrolls of immolation
 o - a scroll of brand weapon {unknown}
 v - a scroll of amnesia
 y - 2 scrolls of vulnerability
 A - 2 scrolls of torment
 L - a scroll of fear
Potions
 d - a potion of heal wounds
 i - 6 potions of curing
 m - 2 potions of attraction
 n - 3 potions of lignification
 q - 2 potions of flight
 H - a potion of mutation {unknown}
 M - 3 potions of magic
Miscellaneous
 u - a tin of tremorstones (2/2)


   Skills:
 + Level 9.2 Fighting
 - Level 6.2(9.2) Axes
 + Level 10.4(11.2) Polearms
 + Level 6.2 Armour
 - Level 0.8 Dodging
 - Level 7.0 Shields
 - Level 7.0 Invocations
 - Level 5.0 Evocations


You had 10 spell levels left.
You didn't know any spells.
Your spell library contained the following spells:

 Spells                   Type           Power      Damage    Failure   Level
 Magic Dart               Conj           0%         1d3       83%         1
 Call Imp                 Summ           0%         N/A       92%         2
 Ensorcelled Hibernation  Hex/Ice        0%         N/A       92%         2
 Passwall                 Tmut/Erth      0%         N/A       92%         2
 Scorch                   Fire           0%         2d5       92%         2
 Call Canine Familiar     Summ           0%         N/A       99%         3
 Mephitic Cloud           Conj/Pois/Air  0%         N/A       99%         3
 Ozocubu's Armour         Ice            0%         N/A       99%         3
 Portal Projectile        Hex/Tloc       0%         N/A       99%         3
 Flame Wave               Conj/Fire      0%         2d4       100%        4
 Leda's Liquefaction      Hex/Erth       0%         N/A       100%        4
 Metabolic Englaciation   Hex/Ice        0%         N/A       100%        5
 Simulacrum               Ice/Necr       0%         N/A       100%        6
 Summon Cactus Giant      Summ           0%         N/A       100%        6
 Swiftness                Air            Unusable   N/A       N/A         3

Dungeon Overview and Level Annotations

Branches:
Dungeon (10/15)            Temple (0/1) D:7             Orc (0/2) D:10
 Bailey (1/1)
   Lair: D:8-11

Altars:
Kikubaaqudgha
Nemelex Xobeh
Vehumet
Wu Jian
Xom
Zin
The Shining One

Shops:
D:4 (   D:10 (

Annotations:
Abyss:1 xian's ghost, novice DrFi


Innate Abilities, Weirdness & Mutations

You cannot be hasted, slowed, berserked, paralysed or teleported.
You can dig through walls and to a lower floor.
You have a pair of large antennae on your head. (SInv)
Your four strong arms can wield two-handed weapons with a shield.


Message History

Space warps around the orc knight.
The orc knight is moderately wounded.
The orc knight hits you but does no damage.
Reach: a) +3 trident (distort)
Press: ? - help, Dir - move target, f/p - orc knight
Aim: an orc knight, wielding a +0 glaive and wearing a +0 ring mail (moderately wounded, about 35% to evade your +3 trident of distortion)
You reach to attack!
You hit the orc knight.
The orc knight is moderately wounded.
The orc knight blinks!
You close the door.
You start resting.
An orc knight opens the door.
It is wielding a +0 glaive.
Reach: a) +3 trident (distort)
Press: ? - help, Dir - move target, f/p - orc knight
Aim: an orc knight, wielding a +0 glaive and wearing a +0 ring mail (moderately wounded, about 35% to evade your +3 trident of distortion)
You reach to attack!
You closely miss the orc knight.
The orc knight is moderately wounded.
The orc knight hits you from afar with a +0 glaive!
Reach: a) +3 trident (distort)
Press: ? - help, Dir - move target, f/p - orc knight
Aim: an orc knight, wielding a +0 glaive and wearing a +0 ring mail (moderately wounded, about 35% to evade your +3 trident of distortion)
You reach to attack!
You miss the orc knight.
The orc knight is moderately wounded.
Unknown command.
Reach: a) +3 trident (distort)
Press: ? - help, Dir - move target, f/p - orc knight
Aim: an orc knight, wielding a +0 glaive and wearing a +0 ring mail (moderately wounded, about 35% to evade your +3 trident of distortion)
You reach to attack!
You hit the orc knight but do no damage.
Space warps horribly around the orc knight!!
The orc knight is severely wounded.
The orc knight hits you from afar with a +0 glaive!
* * * LOW HITPOINT WARNING * * *
Reach: a) +3 trident (distort)
Press: ? - help, Dir - move target, f/p - orc knight
Aim: an orc knight, wielding a +0 glaive and wearing a +0 ring mail (severely wounded, about 35% to evade your +3 trident of distortion)
You reach to attack!
You closely miss the orc knight.
The orc knight is severely wounded.
The orc knight hits you from afar with a +0 glaive!!
You die...

.....≈#.....................))..#
.....≈##.∩#≈...............≈#∩.##
.....≈≈#)##≈....#######....≈##.#≈
......≈≈.≈≈≈...##....##....≈≈≈.≈≈
........).....##.)...##..........
.............##.o#'''##..........
.....).......#).##∩.∩##..##......
............##.####'####.##......
............##.'@#)o.#.'.##......
............##o###.8.###.##......
............##§')#:.?#)'.##......
............##.#########.##......
.............#..##)#)##..#.......
.............##..#'#'#..##.......
..............##.......##.......)
......≈≈.≈≈≈...#########...≈≈≈.≈≈
.....≈≈#.##≈......###......≈##.#≈


You could see an orc knight.

Vanquished Creatures
  A boulder beetle (D:10)
  2 two-headed ogres
  A tengu conjurer (D:9)
  An ice devil (D:9)
  A troll (D:10)
  Grinder (D:5)
  A hornet (D:8)
  An unseen horror simulacrum (D:9)
  Edmund (D:5)
  2 water moccasins
  2 sky beasts
  3 ice beasts (D:9)
  11 orc warriors
  A black bear (D:7)
  3 ogres
  5 centaurs
  2 kobold brigands
  2 bullfrogs
  2 gnoll sergeants (D:6)
  2 scorpions
  15 wights
  A killer bee (D:9)
  5 howler monkeys
  3 hounds
  A gnoll shaman (D:6)
  4 orc priests
  Natasha (thrice) (D:3)
  8 orc wizards
  A centaur simulacrum (D:9)
  6 adders
  15 gnolls
  4 white imps
  A howler monkey simulacrum (D:9)
  4 worms
  The ghost of blackman the Sneak, a weakling HuDe (D:6)
  45 orcs
  2 ball pythons
  3 bats
  7 endoplasms
  2 giant cockroaches (D:4)
  11 goblins
  3 hobgoblins
  4 jackals (D:1)
  5 quokkas
  4 frilled lizards (D:1)
  17 kobolds
  6 rats
226 creatures vanquished.

Vanquished Creatures (collateral kills)
  2 orcs (D:10)
2 creatures vanquished.

Vanquished Creatures (others)
  A kobold (D:9)
  6 plants (D:6)
7 creatures vanquished.

Grand Total: 235 creatures vanquished

Notes
Turn   | Place    | Note
-------+----------+-------------------------------------------
     0 | Abyss:1  | porpoise the Formicid Abyssal Knight began the quest for
                  | the Orb.
     0 | Abyss:1  | Reached XP level 1. HP: 18/18 MP: 2/2
     1 | D:1      | Escaped the Abyss
   401 | D:1      | Reached XP level 2. HP: 20/24 MP: 3/3
  1151 | D:1      | Reached XP level 3. HP: 27/29 MP: 4/4
  1595 | D:2      | Reached *** piety under Lugonu
  1854 | D:2      | Found a faded altar of an unknown god.
  2460 | D:3      | Reached XP level 4. HP: 37/37 MP: 5/5
  2479 | D:3      | Found a radiant altar of Vehumet.
  2741 | D:3      | Noticed Natasha
  2754 | D:3      | Killed Natasha
  2774 | D:3      | Noticed Natasha
  2778 | D:3      | You fall into a shaft and drop 1 floor!
  2860 | D:3      | Killed Natasha
  2861 | D:3      | Reached XP level 5. HP: 26/43 MP: 3/6
  2981 | D:3      | Noticed Natasha
  2987 | D:3      | Killed Natasha
  3242 | D:3      | Found a glowing silver altar of Zin.
  3242 | D:3      | Found an ornate altar of the Wu Jian Council.
  3246 | D:3      | Found a glowing golden altar of the Shining One.
  3594 | D:4      | Reached XP level 6. HP: 39/50 MP: 4/7
  3897 | D:4      | Reached skill level 5 in Axes
  4163 | D:4      | Reached skill level 5 in Fighting
  4204 | D:4      | Reached XP level 7. HP: 54/56 MP: 9/9
  4915 | D:4      | Found Hiuciats's Antique Weapon Shop.
  4952 | D:4      | Bought a glowing trident for 143 gold pieces
  4975 | D:4      | Found an ancient bone altar of Kikubaaqudgha.
  4994 | D:5      | Entered Level 5 of the Dungeon
  5114 | D:5      | Noticed Grinder
  5123 | D:5      | Killed Grinder
  5124 | D:5      | Reached skill level 1 in Polearms
  5124 | D:5      | Reached XP level 8. HP: 57/64 MP: 7/11
  5217 | D:5      | Noticed Edmund
  5227 | D:5      | Killed Edmund
  5228 | D:5      | Reached skill level 2 in Polearms
  5278 | D:5      | Reached skill level 5 in Invocations
  5359 | D:4      | Bought a runed shortbow for 132 gold pieces
  5482 | D:5      | Reached skill level 3 in Polearms
  5973 | D:6      | Reached skill level 4 in Polearms
  5973 | D:6      | Reached XP level 9. HP: 58/72 MP: 10/13
  5976 | D:6      | Reached **** piety under Lugonu
  5996 | D:6      | Reached skill level 5 in Polearms
  6227 | D:6      | Found a transporter.
  6507 | D:6      | Reached skill level 6 in Polearms
  6584 | D:6      | Found a transporter.
  6614 | D:6      | Noticed blackman's ghost (weakling HuDe)
  7453 | D:6      | Killed blackman's ghost
  7459 | Abyss:1  | Cast into level 1 of the Abyss (gnoll sergeant)
  7466 | D:6      | Escaped the Abyss
  7472 | D:6      | Reached skill level 7 in Polearms
  7896 | D:7      | Reached skill level 1 in Shields
  7914 | D:7      | Reached skill level 1 in Evocations
  8104 | D:7      | Found a staircase to the Ecumenical Temple.
  8133 | D:7      | Found a shimmering altar of Xom.
  8414 | D:7      | Reached XP level 10. HP: 75/79 MP: 13/15
  8732 | D:8      | Reached skill level 8 in Polearms
  9128 | D:8      | Identified the +1 dagger of Certain Death {vamp, Stlth+}
  9146 | D:8      | Reached skill level 5 in Shields
  9418 | D:8      | Found a sparkling altar of Nemelex Xobeh.
  9464 | D:9      | Identified a scroll of acquirement
  9464 | D:9      | Acquired the +1 cloak "Etoix" {Regen+ Int+3 Dex+3}
  9524 | D:9      | Noticed xian's ghost (novice DrFi)
  9526 | D:9      | Noticed an ice devil
  9554 | D:9      | Found a runed translucent gate.
  9554 | D:9      | Found a runed translucent gate.
  9554 | D:9      | Found a runed translucent gate.
  9666 | D:9      | Killed an ice devil
  9694 | D:9      | Banished xian's ghost
  9695 | D:9      | Reached skill level 9 in Polearms
  9695 | D:9      | Reached skill level 5 in Evocations
  9834 | D:9      | Got the ring of Cheibriados's Outrage {Fire Stlth+}
  9926 | D:9      | Noticed a two-headed ogre
  9936 | D:9      | Killed a two-headed ogre
  9937 | D:9      | Reached XP level 11. HP: 84/84 MP: 16/16
 10486 | D:10     | Entered Level 10 of the Dungeon
 10518 | D:10     | Noticed a boulder beetle
 10532 | D:10     | Noticed a two-headed ogre
 10547 | D:10     | Banished a two-headed ogre
 10548 | D:10     | Killed a boulder beetle
 10548 | D:10     | Reached ***** piety under Lugonu
 10549 | D:10     | Reached skill level 10 in Polearms
 10549 | D:10     | Reached skill level 5 in Armour
 10572 | D:10     | Found a staircase to the Orcish Mines.
 10573 | D:10     | Found Duosoh's Weapon Shop.
 10601 | D:10     | Noticed a two-headed ogre
 10610 | D:10     | Killed a two-headed ogre
 10857 | D:10     | Found a flagged portal.
 10877 | Bailey   | Entered a bailey
 11297 | Bailey   | Identified the amulet "Enkut" {Faith -Cast rElec rN+}
 11299 | Bailey   | Noticed an orc knight
 11335 | Bailey   | Slain by an orc knight

Illustrated notes

Levels and vault maps discovered:
D:1:      minmay_arrival_shattered_statue, layout_basic, serial_rivers,
          chequers_serial_rivers_micro_d, chequers_serial_rivers_small_b,
          chequers_serial_rivers_micro_b, chequers_serial_rivers_micro_e,
          chequers_serial_rivers_large_b
D:2:      layout_basic, shapermc_ecumenical_altar_pompeii,
          guppyfry_early_orc_mine
D:3:      layout_loops_ring, lemuel_crystal_altar,
          nicolae_overflow_hidden_temple, uniq_natasha
D:4:      layout_rooms, kennysheep_mini, serial_shops, shop,
          nrook_mini_backslash
D:5:      layout_loops_ring, uniq_edmund, uniq_grinder
D:6:      layout_rooms, gammafunk_ghost_gnarly_gnolls
D:7:      layout_layer_cave, xom_teletrap_fun, minmay_temple_entry_proselytizer,
          dk_noncrumbling_4, kennysheep_generic_room_2
D:8:      layout_rooms, nemelex_spade_bored_becter, minmay_misc_feat_enclosed
D:9:      layout_small_grid, gammafunk_ghost_icy, st_stairs_9
D:10:     layout_rooms, david_lair_shrubbed, orc_david_3, enter_bailey_2
Bailey:   bailey_polearm_2, bailey

Skill      XL: |  1  2  3  4  5  6  7  8  9 10 11 |
---------------+----------------------------------+-----
Axes           | 3 4 5 6 |  6.2
Fighting       | 4 5 6 7 9 |  9.2
Invocations    | 3 4 6 7 |  7.0
Polearms       | 1 4 7 9 10 | 10.4
Shields        | 2 7 |  7.0
Evocations     | 2 5 |  5.0
Armour         | 3 6 |  6.2
Dodging        | |  0.8

Action                   |  1- 3 |  4- 6 |  7- 9 | 10-12 || total
-------------------------+-------+-------+-------+-------++-------
Melee: Hand axe          |    99 |    81 |       |       ||   180
       Punch             |     1 |       |     1 |       ||     2
       Flail             |       |    11 |    52 |       ||    63
       Trident           |       |       |   210 |   302 ||   512
 Fire: Hunting sling     |       |     7 |       |       ||     7
       Shortbow          |       |       |     1 |    23 ||    24
Invok: Depart the Abyss  |       |       |     1 |       ||     1
  Use: Scroll            |       |     1 |     6 |     9 ||    16
       Potion            |       |       |     2 |     3 ||     5
 Stab: Sleeping          |       |       |       |     2 ||     2
Armor: Leather armour    |     9 |       |       |       ||     9
       Ring mail         |    22 |       |       |       ||    22
       Scale mail        |       |    23 |   127 |    81 ||   231
Dodge: Dodged            |    40 |    36 |   117 |    71 ||   264
Block: Kite shield       |       |       |    10 |   154 ||   164

Table legend: (Time is in decaauts)
 A = Elapsed time spent in this place.
 B = Non-inter-level travel time spent in this place.
 C = Inter-level travel time spent in this place.
 D = Time resting spent in this place.
 E = Time spent auto-exploring this place.
 F = Levels seen in this place.
 G = Mean time per level.
                   A        B        C        D        E       F      G
               +--------+--------+--------+--------+--------+-----+--------+
         Total |  11409 |  10997 |    412 |   2914 |   5665 |  13 |  877.6 |
       Dungeon |  10945 |  10533 |    412 |   2810 |   5586 |  10 | 1094.5 |
         Abyss |      7 |      7 |      0 |      0 |      0 |   2 |    3.5 |
        Bailey |    456 |    456 |      0 |    104 |     79 |   1 |  456.0 |
               +--------+--------+--------+--------+--------+-----+--------+

Top non-repeatable levels by time:
     D:6: 1776 daAuts
     D:4: 1701 daAuts
     D:1: 1390 daAuts
     D:2: 1126 daAuts
     D:7: 1051 daAuts
     D:9: 1022 daAuts
     D:3: 905 daAuts
     D:5: 821 daAuts
     D:8: 765 daAuts
  Bailey: 456 daAuts
    D:10: 383 daAuts
 Abyss:1: 7 daAuts
